Predators vs Oilers
Created - December 21, 2023 at 19:20
Goals
|
| Predators |
1 |
2 |
1 |
4 |
| Oilers |
0 |
1 |
0 |
1 |
|
Shots
|
| Predators |
15 |
11 |
6 |
32 |
| Oilers |
4 |
16 |
14 |
34 |
|
1st period
1. Predators , Nicolas Kerdiles 3 (Andy Miele 13, Mikael Granlund 9) at 18:07
Penalties :
John Moore (Nas) for Charging (Minor) at 4:42, Mikael Granlund (Nas) for Holding (Minor) at 15:49, Dalton Prout (Edm) for Tripping (Minor) at 18:10
2nd period
2. Predators , Markus Granlund 4 (Andreas Englund 1, Mark Pysyk 7) at 10:32
3. Oilers , Jake Virtanen 4 (Marcus Pettersson 7, Mark Jankowski 7) at 14:48
4. Predators , Claude Giroux 11 (Ryan Mcdonagh 17, Mikael Granlund 10) at 15:02
Penalties :
Markus Granlund (Nas) for Tripping (Minor) at 11:59, Marcus Pettersson (Edm) for Tripping (Minor) at 19:44
3rd period
5. Predators , Scott Laughton 9 (Jaden Schwartz 12, Joel Armia 3) at 2:04
Penalties :
Reilly Smith (Nas) for Tripping (Minor) at 9:25
Goalie Stats
Kari Lehtonen (Nas), 33 saves from 34 shots - (0.971), W, 8-3-0, 60:00 minutes
Carter Hart (Edm), 28 saves from 32 shots - (0.875), L, 13-9-0, 60:00 minutes
Players Stats for Predators
Player Name G A P +/- PIM S H SB GA TA FO MP PP MP PK MP
------------------------------------------------------------------------------------
Alexander Ovechkin 0 0 0 0 0 2 3 0 0 0 0/0 16:42 1:35 1:37
Andreas Englund 0 1 1 1 0 0 0 1 0 1 0/0 17:53 0:00 3:54
Andy Miele 0 1 1 1 0 2 1 1 1 1 5/11 18:14 1:35 2:45
Claude Giroux 1 0 1 1 0 7 0 0 1 0 0/2 19:11 2:23 0:00
Jack Eichel 0 0 0 1 0 2 3 0 0 0 15/28 19:20 2:23 0:09
Jaden Schwartz 0 1 1 0 0 3 1 0 0 0 3/5 14:41 0:00 4:04
Joel Armia 0 1 1 0 0 2 0 0 0 0 0/0 10:32 0:00 0:00
John Moore 0 0 0 0 2 1 0 0 1 0 0/0 20:36 1:16 2:51
Josh Morrissey 0 0 0 0 0 1 0 1 0 0 0/0 15:20 0:00 1:03
Justin Faulk 0 0 0 2 0 0 0 3 2 1 0/0 25:07 2:42 4:02
Mark Pysyk 0 1 1 1 0 0 1 0 1 0 0/1 10:56 0:00 4:04
Markus Granlund 1 0 1 1 2 1 1 0 1 0 1/1 7:45 0:00 0:58
Mikael Granlund 0 2 2 2 2 3 1 0 0 0 1/2 19:29 2:23 0:00
Nicolas Kerdiles 1 0 1 2 0 1 1 0 1 0 0/0 9:26 0:00 2:15
Reilly Smith 0 0 0 0 2 3 1 0 0 0 0/0 15:08 1:35 0:00
Ryan Mcdonagh 0 1 1 2 0 2 2 2 0 0 0/0 26:34 2:42 4:02
Scott Laughton 1 0 1 0 0 2 0 0 0 0 3/5 10:32 0:00 0:00
Travis Dermott 0 0 0 1 0 0 0 1 1 0 0/0 14:34 1:16 0:00
Players Stats for Oilers
Player Name G A P +/- PIM S H SB GA TA FO MP PP MP PK MP
------------------------------------------------------------------------------------
Anton Slepyshev 0 0 0 0 0 3 2 1 0 0 0/0 8:53 0:00 0:41
Brady Skjei 0 0 0 -2 0 4 1 2 0 1 0/0 26:53 5:09 2:35
Connor Brown 0 0 0 -1 0 5 0 0 0 1 0/1 20:07 4:13 0:00
Connor McDavid 0 0 0 -1 0 5 2 1 0 0 14/27 20:51 4:13 0:37
Dalton Prout 0 0 0 -1 2 1 5 1 0 2 0/0 16:40 0:00 0:42
Darnell Nurse 0 0 0 -1 0 0 2 0 0 0 0/0 22:19 2:47 2:18
Frederik Gauthier 0 0 0 -2 0 4 1 0 1 1 3/7 12:04 0:00 0:59
Jake Virtanen 1 0 1 0 0 4 1 0 0 0 1/2 8:05 0:00 0:00
Jeff Schultz 0 0 0 -2 0 0 1 0 0 1 0/0 27:05 5:09 1:40
Kyle Clifford 0 0 0 -1 0 0 0 1 2 1 1/1 22:25 3:43 2:18
Leon Draisaitl 0 0 0 0 0 1 0 0 0 0 4/9 17:37 4:13 0:59
Marcus Pettersson 0 1 1 0 2 0 1 2 0 1 0/0 15:24 2:47 0:41
Mark Jankowski 0 1 1 0 0 1 0 0 0 0 0/1 8:05 0:00 0:00
Mattias Ekholm 0 0 0 0 0 1 1 2 0 0 0/0 11:54 0:00 0:00
Ryan Nugent-Hopkins 0 0 0 0 0 0 1 0 0 0 3/6 19:00 3:43 2:22
Timo Meier 0 0 0 0 0 1 2 0 0 0 0/0 16:24 3:43 0:00
Tyler Bertuzzi 0 0 0 -2 0 2 1 0 0 0 1/1 11:09 0:00 0:00
Zach Hyman 0 0 0 -2 0 2 1 0 0 1 0/0 11:05 0:00 0:00
3 Stars
1 - Kari Lehtonen (Nas)
2 - Nicolas Kerdiles (Nas)
3 - Ryan Mcdonagh (Nas)
Power Play
Predators - 0 on 2 Attempt(s) - 0.00%
Oilers - 0 on 4 Attempt(s) - 0.00%
Penalty Kill
Predators - 4 on 4 Attempt(s) - 100.00%
- Score 0 goal in Penalty Kill
Oilers - 2 on 2 Attempt(s) - 100.00%
- Score 0 goal in Penalty Kill
Team Stat
Predators - Hits : 15 - Faceoff Wins : 28 - Blocked Shots : 9 - Penalty Minutes : 8
Oilers - Hits : 22 - Faceoff Wins : 27 - Blocked Shots : 10 - Penalty Minutes : 4
Official
Referees : Conor O'Donnell and Chris Schlenker
Linesman : David Brisebois and Libor Suchanek
Game Notes
10:32 of 2nd period - Predators goal is going for a video replay. After video review, Goal.
Finance
Level 1 -- Attendance: 5381 (89.68%) -- Ticket Income $538,100
Level 2 -- Attendance: 5000 (100.00%) -- Ticket Income $300,000
Level 3 -- Attendance: 2000 (100.00%) -- Ticket Income $70,000
Level 4 -- Attendance: 3784 (94.60%) -- Ticket Income $94,600
Luxury Box -- Attendance: 987 (98.70%) -- Ticket Income $197,400
Game was played at the Rodgers Place.
Total Attendance: 17152 (95.29%)
Total Ticket Income: $1,200,100
Other Income: $180,015
Total Income: $1,380,115
Predators
5 vs 5 Forward
Center Left Wing Right Wing Time % Phy DF OF
1 Jack Eichel Claude Giroux Mikael Granlund 40 1 2 2
2 Andy Miele Alexander Ovechkin Reilly Smith 30 1 2 2
3 Scott Laughton Jaden Schwartz Joel Armia 20 1 2 2
4 Markus Granlund Nicolas Kerdiles Mark Pysyk 10 1 2 2
5 vs 5 Defense
Defense Defense Time % Phy DF OF
1 Ryan Mcdonagh Justin Faulk 40 1 2 2
2 John Moore Josh Morrissey 30 1 2 2
3 Andreas Englund Travis Dermott 20 1 2 2
4 John Moore Ryan Mcdonagh 10 1 2 2
PowerPlay Forward
Center Left Wing Right Wing Time % Phy DF OF
1 Jack Eichel Claude Giroux Mikael Granlund 60 1 1 3
2 Andy Miele Alexander Ovechkin Reilly Smith 40 1 1 3
PowerPlay Defense
Defense Defense Time % Phy DF OF
1 Ryan Mcdonagh Justin Faulk 60 1 1 3
2 John Moore Travis Dermott 40 1 1 3
Penalty Kill 4 Players Forward
Center Wing Time % Phy DF OF
1 Jaden Schwartz Mark Pysyk 60 1 2 2
2 Andy Miele Nicolas Kerdiles 40 1 3 1
Penalty Kill 4 Players Defense
Defense Defense Time % Phy DF OF
1 Ryan Mcdonagh Justin Faulk 60 1 3 1
2 John Moore Andreas Englund 40 1 3 1
Penalty Kill - 3 Players Forward
Forward Time % Phy DF OF
1 Mark Pysyk 60 1 3 1
2 Jaden Schwartz 40 1 3 1
Penalty Kill - 3 Players Defense
Defense Defense Time % Phy DF OF
1 Ryan Mcdonagh Justin Faulk 60 1 3 1
2 John Moore Andreas Englund 40 1 3 1
4 vs 4 Forward
Center Wing Time % Phy DF OF
1 Mikael Granlund Claude Giroux 60 1 2 2
2 Jaden Schwartz Alexander Ovechkin 40 1 2 2
4 vs 4 Defense
Defense Defense Time % Phy DF OF
1 Ryan Mcdonagh Justin Faulk 60 1 2 2
2 John Moore Josh Morrissey 40 1 2 2
Last Minutes Offensive
Center Left Wing Right Wing Defense Defense
Jack Eichel Claude Giroux Mikael Granlund Ryan Mcdonagh Justin Faulk
Last Minutes Defensive
Center Left Wing Right Wing Defense Defense
Andy Miele Claude Giroux Mikael Granlund Ryan Mcdonagh John Moore
Goaltenders
Starting : Kari Lehtonen
Backup : Michal Neuvirth
Extra Forwards
Normal : Alexander Ovechkin, Jaden Schwartz, Scott Laughton - PP : Jaden Schwartz, Alexander Ovechkin - PK : Markus Granlund
Extra Defensemen
Normal : Justin Faulk, Travis Dermott, Andreas Englund - PP : Travis Dermott - PK : Justin Faulk, Andreas Englund
Penalty Shots
Claude Giroux, Alexander Ovechkin, Mikael Granlund, Jack Eichel, Ryan Mcdonagh
Custom OT Lines Forwards
Claude Giroux, Mikael Granlund, Alexander Ovechkin, Jack Eichel, Jaden Schwartz, Andy Miele, Reilly Smith, Nicolas Kerdiles, Scott Laughton, Markus Granlund
Custom OT Lines Defensemen
Ryan Mcdonagh, John Moore, Justin Faulk, Josh Morrissey, Andreas Englund
Scratches
None
Oilers
5 vs 5 Forward
Center Left Wing Right Wing Time % Phy DF OF
1 Connor McDavid Kyle Clifford Connor Brown 40 1 2 2
2 Leon Draisaitl Ryan Nugent-Hopkins Timo Meier 30 1 2 2
3 Frederik Gauthier Tyler Bertuzzi Zach Hyman 20 1 2 2
4 Mark Jankowski Anton Slepyshev Jake Virtanen 10 1 2 2
5 vs 5 Defense
Defense Defense Time % Phy DF OF
1 Brady Skjei Jeff Schultz 40 1 2 2
2 Darnell Nurse Dalton Prout 30 1 2 2
3 Marcus Pettersson Mattias Ekholm 20 1 2 2
4 Jeff Schultz Darnell Nurse 10 1 2 2
PowerPlay Forward
Center Left Wing Right Wing Time % Phy DF OF
1 Connor McDavid Leon Draisaitl Connor Brown 60 0 2 3
2 Ryan Nugent-Hopkins Kyle Clifford Timo Meier 40 0 2 3
PowerPlay Defense
Defense Defense Time % Phy DF OF
1 Brady Skjei Jeff Schultz 60 0 2 3
2 Marcus Pettersson Darnell Nurse 40 0 2 3
Penalty Kill 4 Players Forward
Center Wing Time % Phy DF OF
1 Ryan Nugent-Hopkins Kyle Clifford 60 0 4 1
2 Frederik Gauthier Leon Draisaitl 40 0 4 1
Penalty Kill 4 Players Defense
Defense Defense Time % Phy DF OF
1 Brady Skjei Darnell Nurse 60 0 5 0
2 Jeff Schultz Dalton Prout 40 0 5 0
Penalty Kill - 3 Players Forward
Forward Time % Phy DF OF
1 Connor McDavid 60 0 5 0
2 Ryan Nugent-Hopkins 40 0 5 0
Penalty Kill - 3 Players Defense
Defense Defense Time % Phy DF OF
1 Brady Skjei Darnell Nurse 60 0 5 0
2 Jeff Schultz Dalton Prout 40 0 5 0
4 vs 4 Forward
Center Wing Time % Phy DF OF
1 Connor McDavid Kyle Clifford 60 1 2 2
2 Ryan Nugent-Hopkins Leon Draisaitl 40 1 2 2
4 vs 4 Defense
Defense Defense Time % Phy DF OF
1 Brady Skjei Darnell Nurse 60 1 2 2
2 Jeff Schultz Dalton Prout 40 1 2 2
Last Minutes Offensive
Center Left Wing Right Wing Defense Defense
Connor McDavid Kyle Clifford Connor Brown Brady Skjei Darnell Nurse
Last Minutes Defensive
Center Left Wing Right Wing Defense Defense
Connor McDavid Kyle Clifford Connor Brown Brady Skjei Darnell Nurse
Goaltenders
Starting : Carter Hart
Backup : Mikko Koskinen
Extra Forwards
Normal : Ryan Nugent-Hopkins, Tyler Bertuzzi, Zach Hyman - PP : Ryan Nugent-Hopkins, Tyler Bertuzzi - PK : Ryan Nugent-Hopkins
Extra Defensemen
Normal : Jeff Schultz, Marcus Pettersson, Mattias Ekholm - PP : Dalton Prout - PK : Dalton Prout, Marcus Pettersson
Penalty Shots
Connor McDavid, Kyle Clifford, Connor Brown, Leon Draisaitl, Ryan Nugent-Hopkins
Custom OT Lines Forwards
Connor McDavid, Kyle Clifford, Connor Brown, Leon Draisaitl, Ryan Nugent-Hopkins, Tyler Bertuzzi, Zach Hyman, Frederik Gauthier, Jake Virtanen, Anton Slepyshev
Custom OT Lines Defensemen
Brady Skjei, Darnell Nurse, Jeff Schultz, Dalton Prout, Marcus Pettersson
Scratches
C.J. Smith (Right Forearm Injury)
% Time on Ice - Predators
Lines # - Real PCT - Wanted PCT - Time Play
Normal Forward
1 - 35% - 40% - 16:53
2 - 29% - 30% - 13:54
3 - 22% - 20% - 10:32
4 - 14% - 10% - 6:47
Normal Defense
1 - 38% - 40% - 18:23
2 - 31% - 30% - 14:43
3 - 27% - 20% - 12:54
4 - 4% - 10% - 2:06
PP Forward
1 - 60% - 60% - 2:23
2 - 40% - 40% - 1:35
PP Defense
1 - 68% - 60% - 2:42
2 - 32% - 40% - 1:16
PK Forward
1 - 72% - 60% - 5:41
2 - 28% - 40% - 2:15
PK Defense
1 - 51% - 60% - 4:02
2 - 49% - 40% - 3:54
PK3 Forward
1 - 0% - 60%
2 - 0% - 40%
PK3 Defense
1 - 0% - 60%
2 - 0% - 40%
44 Forward
1 - 0% - 60%
2 - 0% - 40%
44 Defense
1 - 0% - 60%
2 - 0% - 40%
Last Minute Offensive - 0:00
Last Minute Defensive - 0:00
Total
Forward - 60:00
Defense - 60:00
|
% Time on Ice - Oilers
Lines # - Real PCT - Wanted PCT - Time Play
Normal Forward
1 - 34% - 40% - 16:15
2 - 26% - 30% - 12:41
3 - 23% - 20% - 11:05
4 - 17% - 10% - 8:05
Normal Defense
1 - 40% - 40% - 19:09
2 - 33% - 30% - 15:45
3 - 25% - 20% - 11:54
4 - 3% - 10% - 1:18
PP Forward
1 - 53% - 60% - 4:13
2 - 47% - 40% - 3:43
PP Defense
1 - 65% - 60% - 5:09
2 - 35% - 40% - 2:47
PK Forward
1 - 75% - 60% - 2:59
2 - 25% - 40% - 0:59
PK Defense
1 - 58% - 60% - 2:18
2 - 42% - 40% - 1:40
PK3 Forward
1 - 0% - 60%
2 - 0% - 40%
PK3 Defense
1 - 0% - 60%
2 - 0% - 40%
44 Forward
1 - 0% - 60%
2 - 0% - 40%
44 Defense
1 - 0% - 60%
2 - 0% - 40%
Last Minute Offensive - 0:00
Last Minute Defensive - 0:00
Total
Forward - 60:00
Defense - 60:00
|
Play-by-Play
1st period
0:01 of 1st period - Connor McDavid wins face-off versus Jack Eichel in neutral zone.
1:53 of 1st period - Backhand shot by Reilly Smith.
1:53 of 1st period - Shot Misses the Net.
1:55 of 1st period - Wrist shot by Andy Miele.
1:55 of 1st period - Stopped by Carter Hart with a rebound.
1:57 of 1st period - Wrist shot by Reilly Smith.
1:57 of 1st period - Stopped by Carter Hart with a rebound.
1:59 of 1st period - Snap shot by John Moore.
1:59 of 1st period - Stopped by Carter Hart without a rebound.
2:00 of 1st period - Frederik Gauthier wins face-off versus Jack Eichel in Oilers zone.
2:33 of 1st period - Snap shot by Joel Armia.
2:33 of 1st period - Stopped by Carter Hart without a rebound.
2:34 of 1st period - Connor McDavid wins face-off versus Scott Laughton in Oilers zone.
2:46 of 1st period - Wrist shot by Kyle Clifford.
2:46 of 1st period - Shot Blocked by Ryan Mcdonagh.
3:00 of 1st period - Justin Faulk is hit by Timo Meier and loses puck.
3:23 of 1st period - Mattias Ekholm is hit by Jack Eichel and loses puck.
4:12 of 1st period - Wrist shot by Joel Armia.
4:12 of 1st period - Stopped by Carter Hart with a rebound.
4:14 of 1st period - Slapshot by Andreas Englund.
4:14 of 1st period - Deflect By Joel Armia.
4:14 of 1st period - Shot Misses the Net.
4:14 of 1st period - Puck is out of play.
4:15 of 1st period - Andy Miele wins face-off versus Connor McDavid in Oilers zone.
4:16 of 1st period - Wrist shot by Reilly Smith.
4:16 of 1st period - Shot Misses the Net.
4:18 of 1st period - Snap shot by Reilly Smith.
4:18 of 1st period - Shot Hit the Post.
4:42 of 1st period - Minor Penalty to John Moore for Charging.
4:43 of 1st period - Connor McDavid wins face-off versus Jaden Schwartz in Predators zone.
5:00 of 1st period - Snap shot by Leon Draisaitl.
5:00 of 1st period - Shot Misses the Net.
6:42 of 1st period - Penalty to John Moore is over, John Moore is back on ice.
6:58 of 1st period - Jack Eichel is hit by Brady Skjei and loses puck.
7:33 of 1st period - Wrist shot by Joel Armia.
7:33 of 1st period - Deflect By Frederik Gauthier.
7:33 of 1st period - Shot Misses the Net.
7:33 of 1st period - Puck is out of play.
7:34 of 1st period - Scott Laughton wins face-off versus Frederik Gauthier in Oilers zone.
7:49 of 1st period - Josh Morrissey is hit by Zach Hyman and loses puck.
8:04 of 1st period - Wrist shot by Jaden Schwartz.
8:04 of 1st period - Stopped by Carter Hart without a rebound.
8:05 of 1st period - Connor McDavid wins face-off versus Mikael Granlund in Oilers zone.
8:17 of 1st period - Slapshot by Connor Brown.
8:17 of 1st period - Shot Misses the Net.
8:19 of 1st period - Wrist shot by Kyle Clifford.
8:19 of 1st period - Shot Misses the Net.
9:42 of 1st period - Zach Hyman is hit by Ryan Mcdonagh and loses puck.
10:51 of 1st period - Snap shot by Claude Giroux.
10:51 of 1st period - Stopped by Carter Hart with a rebound.
10:53 of 1st period - Slapshot by Andreas Englund.
10:53 of 1st period - Deflect By Claude Giroux.
10:53 of 1st period - Stopped by Carter Hart without a rebound.
10:54 of 1st period - Ryan Nugent-Hopkins wins face-off versus Andy Miele in Oilers zone.
10:54 of 1st period - Ryan Nugent-Hopkins is hit by Alexander Ovechkin.
11:22 of 1st period - Snap shot by Andy Miele.
11:22 of 1st period - Shot Blocked by Brady Skjei.
11:24 of 1st period - Snap shot by Claude Giroux.
11:24 of 1st period - Stopped by Carter Hart with a rebound.
11:30 of 1st period - Wrist shot by Jack Eichel.
11:30 of 1st period - Stopped by Carter Hart without a rebound.
11:31 of 1st period - Leon Draisaitl wins face-off versus Claude Giroux in Oilers zone.
11:36 of 1st period - Andreas Englund is hit by Ryan Nugent-Hopkins and loses puck.
11:41 of 1st period - Slapshot by Leon Draisaitl.
11:41 of 1st period - Shot Misses the Net.
11:57 of 1st period - Darnell Nurse is hit by Reilly Smith and loses puck.
12:04 of 1st period - Snap shot by Connor Brown.
12:04 of 1st period - Stopped by Kari Lehtonen without a rebound.
12:05 of 1st period - Andy Miele wins face-off versus Connor McDavid in Predators zone.
12:12 of 1st period - Wrist shot by Connor McDavid.
12:12 of 1st period - Deflect By Connor Brown.
12:12 of 1st period - Stopped by Kari Lehtonen with a rebound.
12:15 of 1st period - Icing by Justin Faulk.
12:16 of 1st period - Andy Miele wins face-off versus Connor McDavid in Predators zone.
12:43 of 1st period - Snap shot by Alexander Ovechkin.
12:43 of 1st period - Shot Misses the Net.
12:45 of 1st period - Slapshot by Ryan Mcdonagh.
12:45 of 1st period - Deflect By Reilly Smith.
12:45 of 1st period - Shot Misses the Net.
12:45 of 1st period - Puck is out of play.
12:46 of 1st period - Jack Eichel wins face-off versus Leon Draisaitl in Oilers zone.
12:49 of 1st period - Snap shot by Jack Eichel.
12:49 of 1st period - Shot Misses the Net.
14:06 of 1st period - Wrist shot by Mark Pysyk.
14:06 of 1st period - Shot Misses the Net.
14:08 of 1st period - Slapshot by Markus Granlund.
14:08 of 1st period - Shot Blocked by Mattias Ekholm.
14:10 of 1st period - Slapshot by Josh Morrissey.
14:10 of 1st period - Stopped by Carter Hart without a rebound.
14:11 of 1st period - Kyle Clifford wins face-off versus Jack Eichel in Oilers zone.
14:16 of 1st period - Jack Eichel is hit by Darnell Nurse and loses puck.
14:25 of 1st period - Snap shot by Connor McDavid.
14:25 of 1st period - Shot Blocked by Ryan Mcdonagh.
14:27 of 1st period - Slapshot by Connor Brown.
14:27 of 1st period - Stopped by Kari Lehtonen with a rebound.
15:04 of 1st period - Wrist shot by Zach Hyman.
15:04 of 1st period - Shot Blocked by Andreas Englund.
15:06 of 1st period - Wrist shot by Frederik Gauthier.
15:06 of 1st period - Deflect By Andreas Englund.
15:06 of 1st period - Stopped by Kari Lehtonen without a rebound.
15:07 of 1st period - Frederik Gauthier wins face-off versus Jack Eichel in Predators zone.
15:08 of 1st period - Slapshot by Brady Skjei.
15:08 of 1st period - Shot Blocked by Justin Faulk.
15:16 of 1st period - Snap shot by Claude Giroux.
15:16 of 1st period - Stopped by Carter Hart without a rebound.
15:17 of 1st period - Mikael Granlund wins face-off versus Connor Brown in Oilers zone.
15:24 of 1st period - Snap shot by Claude Giroux.
15:24 of 1st period - Stopped by Carter Hart with a rebound.
15:26 of 1st period - Snap shot by Claude Giroux.
15:26 of 1st period - Stopped by Carter Hart without a rebound.
15:27 of 1st period - Connor McDavid wins face-off versus Jack Eichel in Oilers zone.
15:49 of 1st period - Minor Penalty to Mikael Granlund for Holding.
15:50 of 1st period - Jaden Schwartz wins face-off versus Connor McDavid in Predators zone.
16:09 of 1st period - Brady Skjei is hit by Mark Pysyk and loses puck.
17:12 of 1st period - Timo Meier is hit by Alexander Ovechkin and loses puck.
17:49 of 1st period - Penalty to Mikael Granlund is over, Mikael Granlund is back on ice.
17:53 of 1st period - Slapshot by Nicolas Kerdiles.
17:53 of 1st period - Shot Blocked by Brady Skjei.
18:07 of 1st period - Snap shot by Nicolas Kerdiles.
18:07 of 1st period - Goal by Nicolas Kerdiles - Predators : 1 - Oilers : 0.
18:08 of 1st period - Leon Draisaitl wins face-off versus Jack Eichel in neutral zone.
18:10 of 1st period - Minor Penalty to Dalton Prout for Tripping.
18:11 of 1st period - Jack Eichel wins face-off versus Ryan Nugent-Hopkins in Oilers zone.
Goals for this period are 1 for Predators vs 0 for Oilers.
Shots for this period are 15 for Predators vs 4 for Oilers.
2nd period
0:01 of 2nd period - Ryan Nugent-Hopkins wins face-off versus Jack Eichel in neutral zone.
0:07 of 2nd period - Icing by Mikael Granlund.
0:08 of 2nd period - Jack Eichel wins face-off versus Ryan Nugent-Hopkins in Predators zone.
0:10 of 2nd period - Penalty to Dalton Prout is over, Dalton Prout is back on ice.
0:23 of 2nd period - Wrist shot by Jack Eichel.
0:23 of 2nd period - Stopped by Carter Hart without a rebound.
0:24 of 2nd period - Connor McDavid wins face-off versus Andy Miele in Oilers zone.
2:03 of 2nd period - Wrist shot by Anton Slepyshev.
2:03 of 2nd period - Stopped by Kari Lehtonen with a rebound.
2:05 of 2nd period - Wrist shot by Anton Slepyshev.
2:05 of 2nd period - Stopped by Kari Lehtonen without a rebound.
2:06 of 2nd period - Jack Eichel wins face-off versus Jake Virtanen in Predators zone.
2:44 of 2nd period - Wrist shot by Alexander Ovechkin.
2:44 of 2nd period - Shot Misses the Net.
2:56 of 2nd period - Kyle Clifford is hit by Jaden Schwartz and loses puck.
3:03 of 2nd period - Snap shot by Connor McDavid.
3:03 of 2nd period - Stopped by Kari Lehtonen without a rebound.
3:04 of 2nd period - Jack Eichel wins face-off versus Connor McDavid in Predators zone.
3:08 of 2nd period - Off-side.
3:09 of 2nd period - Connor McDavid wins face-off versus Jack Eichel in neutral zone.
3:18 of 2nd period - Snap shot by Connor McDavid.
3:18 of 2nd period - Stopped by Kari Lehtonen without a rebound.
3:19 of 2nd period - Jack Eichel wins face-off versus Connor McDavid in Predators zone.
3:36 of 2nd period - Slapshot by Claude Giroux.
3:36 of 2nd period - Shot Blocked by Connor McDavid.
3:47 of 2nd period - Off-side.
3:48 of 2nd period - Leon Draisaitl wins face-off versus Andy Miele in neutral zone.
4:37 of 2nd period - Slapshot by Jaden Schwartz.
4:37 of 2nd period - Stopped by Carter Hart without a rebound.
4:38 of 2nd period - Scott Laughton wins face-off versus Frederik Gauthier in Oilers zone.
4:43 of 2nd period - Snap shot by Scott Laughton.
4:43 of 2nd period - Shot Misses the Net.
4:51 of 2nd period - Snap shot by Frederik Gauthier.
4:51 of 2nd period - Stopped by Kari Lehtonen with a rebound.
4:57 of 2nd period - Wrist shot by Tyler Bertuzzi.
4:57 of 2nd period - Stopped by Kari Lehtonen with a rebound.
4:59 of 2nd period - Wrist shot by Tyler Bertuzzi.
4:59 of 2nd period - Deflect By Frederik Gauthier.
4:59 of 2nd period - Stopped by Kari Lehtonen with a rebound.
5:01 of 2nd period - Snap shot by Tyler Bertuzzi.
5:01 of 2nd period - Deflect By Ryan Mcdonagh.
5:01 of 2nd period - Stopped by Kari Lehtonen without a rebound.
5:02 of 2nd period - Leon Draisaitl wins face-off versus Jack Eichel in Predators zone.
6:12 of 2nd period - Jake Virtanen is hit by Markus Granlund and loses puck.
6:38 of 2nd period - Jack Eichel is hit by Dalton Prout and loses puck.
7:05 of 2nd period - Darnell Nurse is hit by Alexander Ovechkin and loses puck.
7:40 of 2nd period - Snap shot by Mikael Granlund.
7:40 of 2nd period - Shot Hit the Post.
7:42 of 2nd period - Slapshot by Travis Dermott.
7:42 of 2nd period - Shot Blocked by Marcus Pettersson.
7:44 of 2nd period - Slapshot by Claude Giroux.
7:44 of 2nd period - Shot Misses the Net.
7:46 of 2nd period - Wrist shot by Mikael Granlund.
7:46 of 2nd period - Shot Blocked by Marcus Pettersson.
7:48 of 2nd period - Snap shot by Claude Giroux.
7:48 of 2nd period - Shot Blocked by Mattias Ekholm.
8:24 of 2nd period - Slapshot by Connor McDavid.
8:24 of 2nd period - Stopped by Kari Lehtonen with a rebound.
9:07 of 2nd period - Wrist shot by Leon Draisaitl.
9:07 of 2nd period - Shot Blocked by Justin Faulk.
9:09 of 2nd period - Snap shot by Leon Draisaitl.
9:09 of 2nd period - Shot Blocked by Justin Faulk.
9:11 of 2nd period - Slapshot by Timo Meier.
9:11 of 2nd period - Stopped by Kari Lehtonen without a rebound.
9:12 of 2nd period - Connor McDavid wins face-off versus Andy Miele in Predators zone.
9:39 of 2nd period - Andreas Englund is hit by Marcus Pettersson.
10:05 of 2nd period - Joel Armia is hit by Tyler Bertuzzi and loses puck.
10:28 of 2nd period - Snap shot by Mark Pysyk.
10:28 of 2nd period - Shot Misses the Net.
10:30 of 2nd period - Snap shot by Andreas Englund.
10:30 of 2nd period - Shot Blocked by Anton Slepyshev.
10:32 of 2nd period - Slapshot by Markus Granlund.
10:32 of 2nd period - Predators goal is going for a video replay.
10:32 of 2nd period - The goal is good.
10:32 of 2nd period - Goal by Markus Granlund - Predators : 2 - Oilers : 0.
10:33 of 2nd period - Connor McDavid wins face-off versus Jack Eichel in neutral zone.
11:23 of 2nd period - Wrist shot by Jaden Schwartz.
11:23 of 2nd period - Stopped by Carter Hart with a rebound.
11:59 of 2nd period - Minor Penalty to Markus Granlund for Tripping.
12:00 of 2nd period - Jaden Schwartz wins face-off versus Leon Draisaitl in Predators zone.
12:00 of 2nd period - Jaden Schwartz is hit by Connor McDavid.
13:59 of 2nd period - Penalty to Markus Granlund is over, Markus Granlund is back on ice.
14:11 of 2nd period - Wrist shot by Mikael Granlund.
14:11 of 2nd period - Stopped by Carter Hart without a rebound.
14:12 of 2nd period - Frederik Gauthier wins face-off versus Jack Eichel in Oilers zone.
14:37 of 2nd period - Joel Armia is hit by Dalton Prout and loses puck.
14:42 of 2nd period - Backhand shot by Jake Virtanen.
14:42 of 2nd period - Stopped by Kari Lehtonen with a rebound.
14:44 of 2nd period - Snap shot by Anton Slepyshev.
14:44 of 2nd period - Deflect By Mark Jankowski.
14:44 of 2nd period - Stopped by Kari Lehtonen with a rebound.
14:46 of 2nd period - Slapshot by Marcus Pettersson.
14:46 of 2nd period - Shot Blocked by Josh Morrissey.
14:48 of 2nd period - Snap shot by Jake Virtanen.
14:48 of 2nd period - Goal by Jake Virtanen - Predators : 2 - Oilers : 1.
14:49 of 2nd period - Jack Eichel wins face-off versus Connor McDavid in neutral zone.
14:56 of 2nd period - Wrist shot by Mikael Granlund.
14:56 of 2nd period - Stopped by Carter Hart with a rebound.
14:58 of 2nd period - Slapshot by Mikael Granlund.
14:58 of 2nd period - Shot Blocked by Kyle Clifford.
15:00 of 2nd period - Slapshot by Ryan Mcdonagh.
15:00 of 2nd period - Stopped by Carter Hart with a rebound.
15:02 of 2nd period - Snap shot by Claude Giroux.
15:02 of 2nd period - Goal by Claude Giroux - Predators : 3 - Oilers : 1.
15:03 of 2nd period - Jack Eichel wins face-off versus Connor McDavid in neutral zone.
16:38 of 2nd period - Slapshot by Jake Virtanen.
16:38 of 2nd period - Stopped by Kari Lehtonen without a rebound.
16:39 of 2nd period - Jake Virtanen wins face-off versus Mark Pysyk in Predators zone.
16:40 of 2nd period - Snap shot by Brady Skjei.
16:40 of 2nd period - Stopped by Kari Lehtonen without a rebound.
16:41 of 2nd period - Jack Eichel wins face-off versus Mark Jankowski in Predators zone.
16:56 of 2nd period - Slapshot by Brady Skjei.
16:56 of 2nd period - Stopped by Kari Lehtonen without a rebound.
16:57 of 2nd period - Andy Miele wins face-off versus Connor McDavid in Predators zone.
17:04 of 2nd period - Snap shot by Andy Miele.
17:04 of 2nd period - Deflect By Reilly Smith.
17:04 of 2nd period - Shot Misses the Net.
17:04 of 2nd period - Puck is out of play.
17:05 of 2nd period - Connor McDavid wins face-off versus Andy Miele in Oilers zone.
17:10 of 2nd period - Slapshot by Jeff Schultz.
17:10 of 2nd period - Shot Blocked by Andy Miele.
17:53 of 2nd period - Snap shot by Alexander Ovechkin.
17:53 of 2nd period - Stopped by Carter Hart with a rebound.
18:21 of 2nd period - Slapshot by Andy Miele.
18:21 of 2nd period - Stopped by Carter Hart with a rebound.
18:34 of 2nd period - Backhand shot by Reilly Smith.
18:34 of 2nd period - Stopped by Carter Hart without a rebound.
18:35 of 2nd period - Jack Eichel wins face-off versus Leon Draisaitl in Oilers zone.
19:02 of 2nd period - Joel Armia is hit by Dalton Prout.
19:44 of 2nd period - Minor Penalty to Marcus Pettersson for Tripping.
19:45 of 2nd period - Jack Eichel wins face-off versus Ryan Nugent-Hopkins in Oilers zone.
Goals for this period are 2 for Predators vs 1 for Oilers.
Shots for this period are 11 for Predators vs 16 for Oilers.
3rd period
0:01 of 3rd period - Ryan Nugent-Hopkins wins face-off versus Jack Eichel in neutral zone.
0:06 of 3rd period - Mikael Granlund is hit by Darnell Nurse and loses puck.
0:57 of 3rd period - Alexander Ovechkin is hit by Dalton Prout.
1:44 of 3rd period - Penalty to Marcus Pettersson is over, Marcus Pettersson is back on ice.
1:45 of 3rd period - Mikael Granlund is hit by Anton Slepyshev and loses puck.
1:50 of 3rd period - Snap shot by Connor McDavid.
1:50 of 3rd period - Stopped by Kari Lehtonen without a rebound.
1:51 of 3rd period - Scott Laughton wins face-off versus Frederik Gauthier in Predators zone.
2:04 of 3rd period - Snap shot by Scott Laughton.
2:04 of 3rd period - Goal by Scott Laughton - Predators : 4 - Oilers : 1.
2:05 of 3rd period - Jack Eichel wins face-off versus Leon Draisaitl in neutral zone.
2:14 of 3rd period - Off-side.
2:15 of 3rd period - Jack Eichel wins face-off versus Leon Draisaitl in neutral zone.
3:05 of 3rd period - Brady Skjei is hit by Jack Eichel and loses puck.
3:22 of 3rd period - Jack Eichel is hit by Timo Meier and loses puck.
4:01 of 3rd period - Wrist shot by Leon Draisaitl.
4:01 of 3rd period - Stopped by Kari Lehtonen with a rebound.
4:13 of 3rd period - Snap shot by Mikael Granlund.
4:13 of 3rd period - Stopped by Carter Hart without a rebound.
4:14 of 3rd period - Connor McDavid wins face-off versus Andy Miele in Oilers zone.
4:53 of 3rd period - Snap shot by Frederik Gauthier.
4:53 of 3rd period - Stopped by Kari Lehtonen with a rebound.
5:09 of 3rd period - Snap shot by Mattias Ekholm.
5:09 of 3rd period - Deflect By Nicolas Kerdiles.
5:09 of 3rd period - Stopped by Kari Lehtonen without a rebound.
5:10 of 3rd period - Markus Granlund wins face-off versus Connor McDavid in Predators zone.
5:17 of 3rd period - Snap shot by Mark Pysyk.
5:17 of 3rd period - Deflect By Markus Granlund.
5:17 of 3rd period - Shot Blocked by Dalton Prout.
5:17 of 3rd period - Puck is out of play.
5:18 of 3rd period - Andy Miele wins face-off versus Connor McDavid in Oilers zone.
5:41 of 3rd period - Slapshot by Connor Brown.
5:41 of 3rd period - Shot Misses the Net.
5:51 of 3rd period - Alexander Ovechkin is hit by Connor McDavid and loses puck.
6:00 of 3rd period - Backhand shot by Connor McDavid.
6:00 of 3rd period - Shot Misses the Net.
6:34 of 3rd period - Wrist shot by Connor Brown.
6:34 of 3rd period - Stopped by Kari Lehtonen without a rebound.
6:35 of 3rd period - Jaden Schwartz wins face-off versus Frederik Gauthier in Predators zone.
6:35 of 3rd period - Jaden Schwartz is hit by Jeff Schultz.
7:01 of 3rd period - Jeff Schultz is hit by Jack Eichel and loses puck.
7:08 of 3rd period - Slapshot by Jack Eichel.
7:08 of 3rd period - Shot Misses the Net.
8:06 of 3rd period - Justin Faulk is hit by Mattias Ekholm and loses puck.
9:11 of 3rd period - Marcus Pettersson is hit by Nicolas Kerdiles and loses puck.
9:25 of 3rd period - Minor Penalty to Reilly Smith for Tripping.
9:26 of 3rd period - Connor McDavid wins face-off versus Jaden Schwartz in Predators zone.
9:28 of 3rd period - Slapshot by Connor McDavid.
9:28 of 3rd period - Shot Misses the Net.
10:46 of 3rd period - Backhand shot by Markus Granlund.
10:46 of 3rd period - Shot Misses the Net.
11:25 of 3rd period - Penalty to Reilly Smith is over, Reilly Smith is back on ice.
11:56 of 3rd period - Reilly Smith is hit by Anton Slepyshev and loses puck.
13:03 of 3rd period - Wrist shot by Zach Hyman.
13:03 of 3rd period - Stopped by Kari Lehtonen with a rebound.
13:09 of 3rd period - Justin Faulk is hit by Frederik Gauthier and loses puck.
13:25 of 3rd period - Anton Slepyshev is hit by Ryan Mcdonagh and loses puck.
14:38 of 3rd period - Slapshot by Brady Skjei.
14:38 of 3rd period - Stopped by Kari Lehtonen with a rebound.
14:40 of 3rd period - Wrist shot by Brady Skjei.
14:40 of 3rd period - Stopped by Kari Lehtonen without a rebound.
14:41 of 3rd period - Tyler Bertuzzi wins face-off versus Jack Eichel in Predators zone.
14:42 of 3rd period - Slapshot by Zach Hyman.
14:42 of 3rd period - Stopped by Kari Lehtonen with a rebound.
14:44 of 3rd period - Wrist shot by Frederik Gauthier.
14:44 of 3rd period - Deflect By Tyler Bertuzzi.
14:44 of 3rd period - Shot Blocked by Travis Dermott.
14:44 of 3rd period - Puck is out of play.
14:45 of 3rd period - Jack Eichel wins face-off versus Connor McDavid in Predators zone.
15:02 of 3rd period - Slapshot by Connor Brown.
15:02 of 3rd period - Stopped by Kari Lehtonen with a rebound.
15:12 of 3rd period - Brady Skjei is hit by Andy Miele and loses puck.
15:44 of 3rd period - Slapshot by Scott Laughton.
15:44 of 3rd period - Stopped by Carter Hart with a rebound.
15:58 of 3rd period - Scott Laughton is hit by Jake Virtanen and loses puck.
16:05 of 3rd period - Snap shot by Jake Virtanen.
16:05 of 3rd period - Shot Misses the Net.
16:07 of 3rd period - Wrist shot by Anton Slepyshev.
16:07 of 3rd period - Stopped by Kari Lehtonen without a rebound.
16:08 of 3rd period - Jack Eichel wins face-off versus Connor McDavid in Predators zone.
16:39 of 3rd period - Wrist shot by Reilly Smith.
16:39 of 3rd period - Shot Misses the Net.
16:41 of 3rd period - Snap shot by Alexander Ovechkin.
16:41 of 3rd period - Stopped by Carter Hart with a rebound.
17:45 of 3rd period - Connor McDavid is hit by Mikael Granlund and loses puck.
18:32 of 3rd period - Snap shot by Ryan Mcdonagh.
18:32 of 3rd period - Stopped by Carter Hart without a rebound.
18:33 of 3rd period - Connor McDavid wins face-off versus Scott Laughton in Oilers zone.
18:44 of 3rd period - Wrist shot by Connor McDavid.
18:44 of 3rd period - Stopped by Kari Lehtonen with a rebound.
18:46 of 3rd period - Backhand shot by Dalton Prout.
18:46 of 3rd period - Stopped by Kari Lehtonen with a rebound.
19:21 of 3rd period - Wrist shot by Andy Miele.
19:21 of 3rd period - Shot Misses the Net.
19:23 of 3rd period - Wrist shot by Reilly Smith.
19:23 of 3rd period - Shot Misses the Net.
19:25 of 3rd period - Wrist shot by Reilly Smith.
19:25 of 3rd period - Shot Misses the Net.
19:27 of 3rd period - Slapshot by Reilly Smith.
19:27 of 3rd period - Stopped by Carter Hart with a rebound.
19:47 of 3rd period - Mark Pysyk is hit by Dalton Prout and loses puck.
19:52 of 3rd period - Wrist shot by Jake Virtanen.
19:52 of 3rd period - Stopped by Kari Lehtonen without a rebound.
19:53 of 3rd period - Connor McDavid wins face-off versus Claude Giroux in Predators zone.
Goals for this period are 1 for Predators vs 0 for Oilers.
Shots for this period are 6 for Predators vs 14 for Oilers.